 Dungeon Crawl Stone Soup version 0.25.1-2-g60ff931df9 (webtiles) character file.

Game seed: 4619639129002882965

3265 Ruokin the Cleaver (level 10, -1/80 HPs)
             Began as a Human Monk on Aug 21, 2020.
             Was a Priest of Okawaru.
             Slain by a nine-headed hydra (3 damage)
             ... on level 1 of the Lair of Beasts.
             The game lasted 00:34:57 (9112 turns).

Ruokin the Cleaver (Human Monk)                     Turns: 9112, Time: 00:34:57

Health: -1/80      AC: 16    Str: 14    XL:     10   Next: 19%
Magic:  8/10       EV:  8    Int: 16    God:    Okawaru [***...]
Gold:   568        SH:  6    Dex: 17    Spells: 9/9 levels left

rFire    . . .     SeeInvis .   o - +2 war axe (elec)
rCold    . . .     Gourm    .   l - +0 buckler
rNeg     . . .     Faith    .   e - +0 plate armour
rPois    .         Spirit   .   (no helmet)
rElec    .         Reflect  .   x - +0 cloak
rCorr    .         Harm     .   (no gloves)
MR       .....                  (no boots)
Stlth    ..........             (no amulet)
HPRegen  0.23/turn              B - +6 ring of intelligence
MPRegen  0.12/turn              (no ring)

@: mighty, heroism
A: no striking features
a: Heroism, Renounce Religion


You were on level 1 of the Lair of Beasts.
You worshipped Okawaru.
Okawaru was most pleased with you.
You were not hungry.

You visited 3 branches of the dungeon, and saw 10 of its levels.

You collected 568 gold pieces.

Inventory:

Hand Weapons
 a - a +1 spear
 f - a +2 short sword of draining
 n - a +0 flail of holy wrath
 o - a +2 war axe of electrocution (weapon)
 q - a +0 short sword of freezing
 s - a +0 spear
 A - a +0 spear
 C - a +0 quarterstaff
 G - a +1 dagger of draining
Armour
 b - a +0 robe
 d - a +0 leather armour
 e - a +0 plate armour (worn)
 g - a +2 scale mail of fire resistance
 h - a +0 ring mail
 l - a +0 buckler (worn)
 r - a cursed -1 leather armour
 x - a +0 cloak (worn)
 H - a +0 robe of magic resistance
Magical Staves
 z - an uncursed staff of air {unknown}
Jewellery
 t - an uncursed ring of attention
 B - a +6 ring of intelligence (left hand)
Wands
 E - a wand of flame (15)
 F - a wand of enslavement (8)
Scrolls
 m - 3 scrolls of teleportation
 p - a scroll of amnesia {unknown}
 v - 3 scrolls of blinking {unknown}
 w - a scroll of enchant weapon
 y - 4 scrolls of remove curse
 D - 2 scrolls of vulnerability
 K - a scroll of identify
Potions
 j - 2 potions of degeneration {unknown}
 k - 7 potions of curing
 u - a potion of lignification {unknown}
 I - a potion of magic {unknown}
 J - a potion of flight {unknown}
Comestibles
 c - 7 rations


   Skills:
 * Level 7.8(12.8) Fighting
 + Level 8.1(13.8) Axes
 - Level 5.0(12.3) Polearms
 + Level 6.1(11.1) Armour
 + Level 3.6(8.6) Dodging
 - Level 2.0(7.0) Stealth
 + Level 2.5(7.5) Shields


You had 9 spell levels left.
You didn't know any spells.
Your spell library contained the following spells:

 Spells                   Type           Power        Failure   Level  Hunger
 Magic Dart               Conj           #...         100%        1    ##.....
 Searing Ray              Conj           #.....       100%        2    ###....
 Dazzling Flash           Conj/Hex       #.....       100%        3    ####...
 Fulminant Prism          Conj/Hex       #.........   100%        4    #####..
 Iskenderun's Mystic Bla  Conj/Tloc      #.......     100%        4    #####..


Dungeon Overview and Level Annotations

Branches:
Dungeon (8/15)             Temple (1/1) D:5            Lair (1/6) D:8

Altars:
Ashenzari
Cheibriados
Dithmenos
Elyvilon
Fedhas
Gozag
Hepliaklqana
Kikubaaqudgha
Makhleb
Nemelex Xobeh
Okawaru
Qazlal
Ru
Sif Muna
Trog
Uskayaw
Vehumet
Wu Jian
Xom
Yredelemnul
Zin
The Shining One

Annotations:
D:5 Menkaure


Message History

The nine-headed hydra bites you.
* * * LOW HITPOINT WARNING * * *
The basilisk bites you but does no damage.
Your plate armour prevents you from hitting the nine-headed hydra.
The nine-headed hydra is heavily wounded.
Your plate armour prevents you from hitting the basilisk.
The nine-headed hydra bites you but does no damage.
The nine-headed hydra bites you.
* * * LOW HITPOINT WARNING * * *
The nine-headed hydra bites you but does no damage.
You block the nine-headed hydra's attack.
The nine-headed hydra bites you!
* * * LOW HITPOINT WARNING * * *
The nine-headed hydra bites you but does no damage. x2
You block the nine-headed hydra's attack.
The nine-headed hydra barely misses you.
The basilisk closely misses you.
You feel very mighty all of a sudden. The nine-headed hydra bites you.
You die...

.........≈≈≈≈≈≈.≈.....#
.........≈≈≈≈≈≈........#
........≈≈≈≈≈P..P$......
........≈≈≈≈P...........
........P≈≈≈............
...................^....
........#..#............
.........##.............
........#####...@D......
......### #....l......
.....## ##..........
....## #.......... ..###
####....... .## #.....#
## ##.### ##


You could see a nine-headed hydra and a basilisk.

Vanquished Creatures
  A komodo dragon (D:8)
  A kobold demonologist (D:8)
  A water moccasin (Lair:1)
  A porcupine (Lair:1)
  2 black bears (D:5)
  A sky beast (D:7)
  2 ice beasts (D:6)
  A phantom (D:7)
  2 centaurs
  4 big kobolds
  A bullfrog (Lair:1)
  A scorpion (D:7)
  4 killer bees (D:7)
  An electric eel (Lair:1)
  2 howler monkeys (D:4)
  2 bullfrog zombies (D:5)
  A centaur zombie (D:8)
  2 crimson imps (D:5)
  A quasit (D:5)
  3 orc priests
  2 gnoll shamans
  4 hounds
  A jelly (D:5)
  An iguana (D:7)
  3 worker ants
  8 orc wizards
  A hound skeleton (D:7)
  14 gnolls
  9 adders
  A shadow imp (D:6)
  2 oozes
  2 worms (D:2)
  5 leopard geckos
  24 orcs
  6 bats
  5 giant cockroaches
  10 goblins
  11 hobgoblins
  7 jackals
  2 quokkas
  A ball python (D:1)
  6 frilled lizards
  2 jackal skeletons
  15 kobolds
  A leopard gecko zombie (D:5)
  A quokka skeleton (D:4)
  8 rats
  2 plants (D:8)
188 creatures vanquished.

Vanquished Creatures (others)
  A fungus (Lair:1)
1 creature vanquished.

Grand Total: 189 creatures vanquished

Notes
Turn   | Place    | Note
-------+----------+-------------------------------------------
     0 | D:1      | Ruokin the Human Monk began the quest for the Orb.
     0 | D:1      | Reached XP level 1. HP: 18/18 MP: 1/1
    99 | D:1      | Reached XP level 2. HP: 20/24 MP: 2/2
   440 | D:1      | Reached XP level 3. HP: 29/29 MP: 3/3
  1001 | D:2      | Reached XP level 4. HP: 23/35 MP: 4/4
  1778 | D:2      | Reached XP level 5. HP: 42/42 MP: 5/5
  2405 | D:3      | Reached skill level 1 in Armour
  2430 | D:3      | Reached skill level 5 in Polearms
  2471 | D:3      | Reached XP level 6. HP: 33/48 MP: 6/6
  3233 | D:4      | Reached skill level 1 in Axes
  3650 | D:4      | Reached skill level 2 in Axes
  3650 | D:4      | Reached XP level 7. HP: 47/54 MP: 7/7
  3874 | D:5      | Entered Level 5 of the Dungeon
  3911 | D:5      | Found a snail-covered altar of Cheibriados.
  3963 | D:5      | Reached skill level 3 in Axes
  4118 | D:5      | Found a blossoming altar of Fedhas.
  4187 | D:5      | Reached skill level 4 in Axes
  4195 | D:5      | Found a glowing drain.
  4300 | D:5      | Reached XP level 8. HP: 60/61 MP: 8/8
  4377 | D:5      | Found a staircase to the Ecumenical Temple.
  4414 | Temple   | Entered the Ecumenical Temple
  4458 | Temple   | Became a worshipper of Warmaster Okawaru
  4458 | Temple   | Reached * piety under Okawaru
  4458 | Temple   | Reached ** piety under Okawaru
  4841 | D:5      | Reached skill level 5 in Fighting
  5184 | D:6      | Noticed Menkaure
  6350 | D:6      | Reached skill level 5 in Axes
  6702 | D:6      | Found a shimmering altar of Xom.
  7120 | D:7      | Reached XP level 9. HP: 57/70 MP: 9/9
  7252 | D:7      | Found a glowing golden altar of the Shining One.
  7292 | D:7      | Reached skill level 1 in Shields
  7403 | D:7      | Reached skill level 6 in Axes
  7501 | D:7      | Reached skill level 5 in Armour
  8220 | D:7      | Reached *** piety under Okawaru
  8318 | D:8      | Noticed a kobold demonologist
  8321 | D:8      | Noticed an orange demon
  8340 | D:8      | Killed a kobold demonologist
  8340 | D:8      | Reached skill level 7 in Axes
  8657 | D:8      | Found a staircase to the Lair.
  8658 | D:8      | Noticed a komodo dragon
  8668 | D:8      | Killed a komodo dragon
  8668 | D:8      | Reached XP level 10. HP: 49/79 MP: 10/10
  8850 | Lair:1   | Entered Level 1 of the Lair of Beasts
  8962 | Lair:1   | Reached skill level 8 in Axes
  9102 | Lair:1   | Noticed an eight-headed hydra
  9111 | Lair:1   | HP: 2/80 [nine-headed hydra (10)]
  9112 | Lair:1   | Slain by a nine-headed hydra

Illustrated notes

Levels and vault maps discovered:
D:1:      psy_arrival_radial02, layout_loops_ring, minmay_pentomino_o4
D:2:      layout_rooms
D:3:      layout_basic
D:4:      layout_basic, first_ration, minmay_diced_spiral
D:5:      black_bear_nest_1, layout_basic, fedhas_altar_2,
          minmay_temple_entry_tees, basic_altar, portal_sewer_entry_a
D:6:      layout_basic, basic_altar, uniq_menkaure
D:7:      layout_loops_ring, lemuel_tele_altar
D:8:      layout_basic, david_lair_shrubbed, serial_shops, shop_coins
Temple:   nicolae_temple_the_god_donut
Lair:1:   layout_cave_pods, special_room [special_room_bee],
          serial_bayou_pond_d, fungi_pond_lemuel, fungi_pond_lemuel,
          chequers_serial_rivers_small_3

Skill      XL: |  1  2  3  4  5  6  7  8  9 10 |
---------------+-------------------------------+-----
Polearms       | 4 5 |  5.0
Armour         | 1 2 4 6 |  6.1
Fighting       | 4 6 7 |  7.8
Axes           | 2 4 5 7 8 |  8.1
Shields        | 1 2 |  2.5
Dodging        | |  3.6
Stealth        | |  2.0

Action                   |  1- 3 |  4- 6 |  7- 9 | 10-12 || total
-------------------------+-------+-------+-------+-------++-------
Melee: Spear             |   138 |   228 |       |       ||   366
       War axe           |       |    83 |   334 |    33 ||   450
Invok: Heroism           |       |       |     1 |     1 ||     2
  Use: Scroll            |       |     8 |     5 |       ||    13
       Potion            |       |       |     2 |     1 ||     3
 Stab: Paralysed         |       |       |     1 |       ||     1
  Eat: Chunk             |       |     6 |     9 |     1 ||    16
       Ration            |       |     1 |     2 |     1 ||     4
Armor: Leather armour    |     1 |       |       |       ||     1
       Ring mail         |    28 |     9 |       |       ||    37
       Plate armour      |       |   149 |   262 |    29 ||   440
Dodge: Dodged            |    81 |    69 |    79 |    11 ||   240
Block: Buckler           |       |    30 |    63 |     8 ||   101
